 Dungeon Crawl Stone Soup version 0.29.1-15-g9cfb28693d (webtiles) character file.

Game seed: 4308256183763904967

100 booth the Firebug (level 4, -1/27 HPs)
             Began as a Demonspawn Fire Elementalist on Feb 22, 2023.
             Was a Follower of Hepliaklqana.
             Slain by Grinder (2 damage)
             ... on level 3 of the Dungeon.
             The game lasted 00:20:59 (2857 turns).

booth the Firebug (Demonspawn Fire Elementalist)    Turns: 2857, Time: 00:21:00

Health: -1/27      AC:  6    Str:  8    XL:     4   Next: 47%
Magic:  2/8        EV: 14    Int: 18    God:    Hepliaklqana [*.....]
Gold:   132        SH:  0    Dex: 14    Spells: 2/8 levels left

rFire   + . .      SeeInvis .   y - +0 hand axe (elec)
rCold   x . .      Faith    .   (no shield)
rNeg    + . .      Spirit   .   a - +0 robe
rPois   .          Reflect  .   o - +1 helmet
rElec   .          Harm     .   (no cloak)
rCorr   .          Rampage  .   (no gloves)
Will    .....                   r - +1 pair of boots
Stlth   ++........              (no amulet)
HPRegen 0.09/turn               d - ring of fire
MPRegen 0.11/turn               j - ring of positive energy

@: no status effects
A: reduced essence, repulsion field 1, foul stench 1, demonic touch 1
a: Renounce Religion, Recall Ancestor, Ancestor Identity


You were on level 3 of the Dungeon.
You worshipped Hepliaklqana.
Hepliaklqana was aware of your devotion.
You visited 1 branch of the dungeon, and saw 3 of its levels.

You collected 132 gold pieces.

Inventory:

Hand Weapons
 i - a +1 short sword of protection
 y - a +0 hand axe of electrocution (weapon)
Missiles
 f - 3 poisoned darts
Armour
 a - a +0 robe (worn)
 o - a +1 helmet (worn)
 r - a +1 pair of boots (worn)
Jewellery
 d - a ring of fire (left hand)
 j - a ring of positive energy (right hand)
 t - a ring of fire
Wands
 w - a wand of acid (6)
Scrolls
 c - 2 scrolls of butterflies {unknown}
 h - a scroll of poison {unknown}
 l - 2 scrolls of immolation {unknown}
 m - a scroll of fear {unknown}
 q - a scroll of enchant armour
 s - a scroll of brand weapon
 v - a scroll of summoning {unknown}
Potions
 b - a potion of magic
 e - a potion of brilliance
 g - 2 potions of haste
 k - 2 potions of curing
 n - a potion of flight {unknown}
 p - a potion of mutation {unknown}
 u - a potion of heal wounds {unknown}
 x - a potion of attraction {unknown}


   Skills:
 + Level 0.2 Fighting
 - Level 0.2 Short Blades
 + Level 2.1 Dodging
 + Level 2.1 Stealth
 + Level 2.7 Spellcasting
 + Level 1.6 Conjurations
 + Level 3.8 Fire Magic


You had 2 spell levels left.
You knew the following spells:

 Your Spells              Type           Power      Damage    Failure   Level
a - Foxfire               Conj/Fire      72%        2x1d7     5%          1
b - Scorch                Fire           48%        2d7       5%          2
c - Conjure Flame         Conj/Fire      18%        6-21      17%         3

Your spell library contained the following spells:

 Spells                   Type           Power      Damage    Failure   Level
 Sting                    Tmut/Pois      8%         1d3       17%         1
 Poisonous Vapours        Pois/Air       4%         N/A       26%         2
 Inner Flame              Hex/Fire       14%        N/A       22%         3
 Gell's Gravitas          Tloc           2%         N/A       45%         3
 Lesser Beckoning         Tloc           2%         N/A       45%         3
 Summon Guardian Golem    Hex/Summ       2%         N/A       45%         3
 Teleport Other           Tloc           2%         N/A       45%         3
 Flame Wave               Conj/Fire      18%        2d7       50%         4
 Olgreb's Toxic Radiance  Pois           2%         N/A       86%         4
 Orb of Destruction       Conj           4%         9d5       100%        7
 Spellforged Servitor     Conj/Summ      2%         N/A       100%        7


Dungeon Overview and Level Annotations

Branches:
Dungeon (3/15)

Altars:
Hepliaklqana
Uskayaw

Annotations:
D:3 Grinder


Innate Abilities, Weirdness & Mutations

Your life essence is reduced to manifest your ancestor. (-10% HP)
You are surrounded by a mild repulsion field. (EV +2)
You may rarely emit foul miasma when damaged in melee.
Your touch may inflict minor irresistible damage on your foes.


Message History

Confirm with . or Enter, or press ? or * to list all spells.
You feel a surge of power!
You conjure some foxfire!
You hit Grinder but do no damage. Lightning courses through Grinder!
Grinder is heavily wounded.
The foxfire hits Grinder.
Grinder is heavily wounded.
The foxfire hits Grinder.
Grinder is heavily wounded.
Grinder hits you but does no damage.
Casting: Foxfire (safe; 5% risk of failure)
Confirm with . or Enter, or press ? or * to list all spells.
You feel a surge of power!
You conjure some foxfire!
Grinder is no longer more vulnerable to fire.
Grinder gestures at you.
You suddenly lose the ability to move!
The foxfire hits Grinder.
Grinder is heavily wounded.
The foxfire hits Grinder.
Grinder is severely wounded.
Grinder hits you!
You writhe in agony.
Grinder hits you but does no damage. Grinder hits you.
You writhe in agony.
Grinder hits you but does no damage.
You can move again.
Casting: Foxfire (safe; 5% risk of failure)
Confirm with . or Enter, or press ? or * to list all spells.
You feel a surge of power!
You conjure some foxfire!
Grinder gestures at you.
You shrug off the repeated paralysis!
You hit Grinder.
Grinder is severely wounded.
Gnaeusa is no longer paralysed.
The foxfire hits Grinder.
Grinder is severely wounded.
The foxfire hits Grinder but does no damage.
Grinder is severely wounded.
Grinder hits you!
* * * LOW HITPOINT WARNING * * *
You writhe in agony.
You die...

######.....# #<# #...#
#<#. ####### #######.#
#.#.
#########....##.#####.##
#
#.......#.##............
####
#.......#.##.......###.#
....
#.......#.##.......# ..
....
#.......#.##.....>.# .#
.8..
#.....R5#.###......# .#
...#
#......@..#....##.## #.#
.8..
#......)###.##.#.... #..
.... ######.#....
#....###### .8.. #. .##
###... . .... #. .# #...
## .##. #[ .. #. .# #.
[. #. # #. ... ###. .#
#...


You could see the friendly Gnaeusa the ancestor and Grinder (ally target).

Vanquished Creatures
  An orc priest (D:3)
  An adder (D:3)
  4 dart slugs
  4 orcs (D:3)
  2 ball pythons
  5 bats
  3 endoplasms
  7 goblins
  3 hobgoblins
  4 jackals (D:1)
  4 kobolds
  A quokka (D:1)
  3 frilled lizards
  2 rats
44 creatures vanquished.

Vanquished Creatures (collateral kills)
  A hobgoblin (D:3)
1 creature vanquished.

Vanquished Creatures (others)
  101 foxfires
101 creatures vanquished.

Grand Total: 146 creatures vanquished

Notes
Turn   | Place    | Note
-------+----------+-------------------------------------------
     0 | D:1      | booth the Demonspawn Fire Elementalist began the quest for
                  | the Orb.
     0 | D:1      | Reached XP level 1. HP: 13/13 MP: 3/3
   102 | D:1      | Found a faded altar of an unknown god.
   152 | D:1      | Reached skill level 3 in Fire Magic
   252 | D:1      | Gained mutation: You may rarely emit foul miasma when
                  | damaged in melee. [demonic ancestry]
   252 | D:1      | Reached XP level 2. HP: 19/19 MP: 3/5
   255 | D:1      | Learned a level 2 spell: Scorch
   917 | D:1      | Gained mutation: Your touch may inflict minor irresistible
                  | damage on your foes. [demonic ancestry]
   917 | D:1      | Reached XP level 3. HP: 22/24 MP: 1/6
  1246 | D:2      | Found a hazy altar of Hepliaklqana.
  1324 | D:2      | Became a worshipper of Hepliaklqana the Forgotten
  1996 | D:2      | Learned a level 3 spell: Conjure Flame
  2125 | D:3      | Found a hide-covered altar of Uskayaw.
  2309 | D:3      | Gained mutation: You are surrounded by a mild repulsion
                  | field. (EV +2) [demonic ancestry]
  2309 | D:3      | Reached XP level 4. HP: 17/30 MP: 0/8
  2568 | D:3      | Reached * piety under Hepliaklqana
  2840 | D:3      | Noticed Grinder
  2851 | D:3      | Paralysed by Grinder for 5 turns
  2857 | D:3      | HP: 1/27 [Grinder (9)]
  2857 | D:3      | Slain by Grinder

Illustrated notes

Levels and vault maps discovered:
D:1:      lightli_molten_gateway, layout_rooms, ebering_ecumenical_altar_webs,
          nrook_uturn
D:2:      layout_loops_ring, basic_altar, corexii_leaking_fountain,
          grunt_decor_clamped, serial_park_tiny_pond
D:3:      layout_basic, eat_drink_and_be_merry_uskayaw,
          minmay_misc_feat_pillars, uniq_natasha, uniq_grinder

Skill      XL: |  1  2  3 |
---------------+----------+-----
Fire Magic     | 3 |  3.8
Dodging        | 2 |  2.1
Stealth        | 2 |  2.1
Fighting       | |  0.2
Short Blades   | |  0.2
Spellcasting   | |  2.7
Conjurations   | |  1.6

Action                   |  1- 3 |  4- 6 || total
-------------------------+-------+-------++-------
Melee: Unarmed           |     1 |       ||     1
       Short sword       |    13 |       ||    13
       Hand axe          |       |     2 ||     2
Throw: Dart              |       |     1 ||     1
 Cast: Foxfire           |    48 |    10 ||    58
       Scorch            |     5 |     2 ||     7
Invok: Ancestor Identity |       |     1 ||     1
  Use: Scroll            |     4 |     3 ||     7
Armor: Robe              |     8 |     4 ||    12
Dodge: Dodged            |    14 |     3 ||    17
